 Dungeon Crawl Stone Soup version 0.30-a0-394-g3e4acdb0ae (webtiles) character file.

Game seed: 12093942138049657351

368 NinjaNoafa the Vexing (level 6, -5/41 HPs)
             Began as a Merfolk Enchanter on Dec 6, 2022.
             Slain by a lemure (8 damage)
             ... led by Pikel
             ... on level 4 of the Dungeon.
             The game lasted 00:10:41 (4031 turns).

NinjaNoafa the Vexing (Merfolk Enchanter)           Turns: 4031, Time: 00:10:42

Health: -5/41      AC:  8    Str:  8    XL:     6   Next: 69%
Magic:  8/11       EV: 13    Int: 17    God:
Gold:   167        SH:  5    Dex: 14    Spells: 4/12 levels left

rFire   + . .      SeeInvis .    s - +1 rapier
rCold   . . .      Faith    .    (no shield)
rNeg    . . .      Spirit   .    a - +2 robe of Dramatic Exits {Rampage rF+ Archmagi}
rPois   .          Reflect  +    (no helmet)
rElec   .          Harm     .    j - scarf {shadows}
rCorr   .          Rampage  +    e - +0 pair of gloves
Will    .....      Archmagi +    v - +2 pair of boots
Stlth   ++........               q - amulet of reflection
HPRegen 0.26/turn                (no ring)
MPRegen 0.12/turn                (no ring)

@: no status effects
A: (nimble swimmer 2), mertail
a: no special abilities


You were on level 4 of the Dungeon.
You visited 1 branch of the dungeon, and saw 4 of its levels.

You collected 189 gold pieces.
You spent 22 gold pieces at shops.

Inventory:

Hand Weapons
 s - a +1 rapier (weapon)
Missiles
 n - 27 stones
 p - 6 javelins (quivered)
Armour
 a - the +2 robe of Dramatic Exits (worn) {Rampage rF+ Archmagi}
   (You found it on level 2 of the Dungeon)

   rF:        It protects you from fire.
   Rampage:   It bestows one free step when moving towards enemies.
   Archmagi:  It increases the power of your magical spells.
 e - a +0 pair of gloves (worn)
 j - a scarf of shadows (worn)
 v - a +2 pair of boots (worn)
Jewellery
 q - an amulet of reflection (around neck)
Scrolls
 b - a scroll of poison {unknown}
 d - 2 scrolls of teleportation
 f - a scroll of magic mapping {unknown}
 g - a scroll of vulnerability {unknown}
 i - a scroll of silence {unknown}
 k - a scroll of fog {unknown}
 l - 2 scrolls of fear {unknown}
 m - 3 scrolls of immolation
Potions
 c - 2 potions of invisibility
 h - a potion of berserk rage
 o - 2 potions of cancellation
 r - a potion of lignification
 t - 2 potions of flight {unknown}
 u - a potion of curing {unknown}


   Skills:
 + Level 0.0 Fighting
 + Level 1.7 Short Blades
 + Level 3.1 Dodging
 + Level 3.8 Stealth
 + Level 3.5 Spellcasting
 + Level 4.8 Hexes
 + Level 3.5 Ice Magic


You had 4 spell levels left.
You knew the following spells:

 Your Spells              Type           Power      Damage    Failure   Level
a - Ensorcelled Hibernat  Hex/Ice        52%        N/A       4%          2
b - Confusing Touch       Hex            29%        N/A       7%          3
c - Tukima's Dance        Hex            29%        N/A       7%          3

Your spell library contained the following spells:

 Spells                   Type           Power      Damage    Failure   Level
 Kiss of Death            Conj/Necr      16%        2d6       17%         1
 Sandblast                Erth           8%         2d5       17%         1
 Dazzling Flash           Conj/Hex       32%        N/A       19%         3
 Blink                    Tloc           8%         N/A       26%         2
 Passwall                 Tmut/Erth      3%         N/A       26%         2
 Stone Arrow              Conj/Erth      8%         3d7       45%         3
 Dispel Undead            Necr           4%         3d7       86%         4
 Manifold Assault         Tloc           4%         N/A       86%         4
 Storm Form               Tmut/Air       2%         N/A       100%        7


Dungeon Overview and Level Annotations

Branches:
Dungeon (4/15)
 Temple: D:4-7

Altars:
Ashenzari
Cheibriados
Fedhas
Vehumet

Shops:
D:2 *

Annotations:
D:1 1 runed translucent door
D:4 Pikel


Innate Abilities, Weirdness & Mutations

((You are very nimble when in or above water. (Stealth+, EV+, Speed+++)))
Your lower body shifts to a powerful aquatic tail in water.


Message History

Unknown command.
Unknown command.
Unknown command.
Unknown command.
Unknown command.
You rampage towards the kobold!
You rampage towards the kobold!
The kobold hits you but does no damage.
You hit the kobold.
You kill the kobold!
n - 27 stones (gained 2)
You see here a +0 short sword.
There is an open door here.
An endoplasm comes into view.
An endoplasm is nearby!
Found 5 poisoned darts.
A lemure comes into view.
An ogre comes into view. It is wielding a +0 giant club.
You catch the helpless endoplasm completely off-guard!
You puncture the endoplasm!
You kill the endoplasm!
The lemure shouts! x2; The ogre shouts!
Casting: Confusing Touch (dangerous; 7% risk of failure)
Confirm with . or Enter, or press ? or * to list all spells.
You feel a surge of power!
Your hands begin to glow red.
You hit Pikel but do no damage.
Pikel says, "All the lords of Hell know my name!"
Pikel hits you with a +1 whip of flaming.
Pikel burns you.
Pikel hits you with a +1 whip of flaming.
You barely miss Pikel. The ogre closely misses you. Pikel barely misses you.
Pikel attacks as you move away! Pikel misses you.
Pikel says, "I'm sure they'll be treated well, anyway."
You hit Pikel but do no damage.
Pikel appears confused.
Pikel looks very confused.
You rampage towards the lemure!
You closely miss the lemure.
The ogre hits you with a +0 giant club!!
Ouch! That really hurt!
* * * LOW HITPOINT WARNING * * *
The lemure hits you!
You die...

#.# #...#.# #.# #####.# ########
#.# #.# #).....# #.#######.##
#......# ########..........
######......####......########.##
............##....5.... #....>.#
..####.....##..KO.5.... #####.^#
..# ##...##....@5#.... #..# ..#
#...##...###.#... #####..# ###
#.###....#...#... #......#
#.###....#.#.#... #####.##
#...#....#...#... #.#
####.#.'....#.###... #.#
####....###.....#...... #.#
......)..##.........( #.#
.#####.#.###......... #.#


You could see Pikel (confused), an ogre and 3 lemures.

Vanquished Creatures
  A black bear (D:4)
  A phantom (D:1)
  A lemure (D:4)
  Blork the orc (D:4)
  An orc priest (D:3)
  2 adders (D:2)
  A worm (D:3)
  3 dart slugs
  3 orcs
  8 ball pythons
  7 bats
  6 endoplasms
  5 giant cockroaches
  8 goblins
  6 hobgoblins
  7 jackals
  9 kobolds
  2 quokkas (D:2)
  2 frilled lizards
  4 rats
78 creatures vanquished.

Notes
Turn   | Place    | Note
-------+----------+-------------------------------------------
     0 | D:1      | NinjaNoafa the Merfolk Enchanter began the quest for the
                  | Orb.
     0 | D:1      | Reached XP level 1. HP: 13/13 MP: 3/3
     1 | D:1      | Found a runed translucent door.
   141 | D:1      | Reached XP level 2. HP: 19/19 MP: 5/5
   342 | D:1      | Reached XP level 3. HP: 19/24 MP: 6/6
   377 | D:1      | Learned a level 2 spell: Ensorcelled Hibernation
   978 | D:2      | Found a faded altar of an unknown god.
  1219 | D:2      | Reached skill level 1 in Ice Magic
  1615 | D:2      | Identified the +2 robe "Vinur" {Str+2}
  1683 | D:2      | Reached XP level 4. HP: 23/30 MP: 4/7
  1781 | D:2      | Identified the +2 robe of Dramatic Exits {Rampage rF+
                  | Archmagi}
  1923 | D:2      | Found Vomum's General Store.
  1928 | D:2      | Bought a scroll of identify for 22 gold pieces
  2246 | D:2      | Noticed a phantom
  2272 | D:1      | Killed a phantom
  2273 | D:1      | Reached skill level 4 in Hexes
  2273 | D:1      | Reached XP level 5. HP: 19/35 MP: 7/9
  2600 | D:3      | Found a radiant altar of Vehumet.
  2819 | D:3      | Found a broken altar of Ashenzari.
  3164 | D:3      | Found a snail-covered altar of Cheibriados.
  3489 | D:4      | Noticed Blork the orc
  3501 | D:4      | Killed Blork the orc
  3502 | D:4      | Reached XP level 6. HP: 21/41 MP: 6/10
  3697 | D:4      | Found a blossoming altar of Fedhas.
  3698 | D:4      | Noticed a black bear
  3709 | D:4      | Killed a black bear
  3804 | D:4      | Learned a level 3 spell: Confusing Touch
  3808 | D:4      | Learned a level 3 spell: Tukima's Dance
  3900 | D:4      | Noticed Pikel
  4031 | D:4      | Slain by a lemure

Illustrated notes

Levels and vault maps discovered:
D:1:      dpeg_arrival_caged_fury, layout_loops_cross
D:2:      layout_loops_ring, hellmonk_ecumenical_altar_blasted, serial_shops,
          nicolae_shop_hallway_stairs, minmay_fractal_squares_5
D:3:      layout_basic, evilmike_ruin_ashenzari, mainiacjoe_overflow_swirl
D:4:      layout_basic, mainiacjoe_overflow_cross_hatched, hangedman_decor_push,
          kennysheep_potato, uniq_pikel, uniq_blork_the_orc

Skill      XL: |  1  2  3  4  5 |
---------------+----------------+-----
Dodging        | 3 |  3.1
Ice Magic      | 1 2 3 |  3.5
Hexes          | 4 |  4.8
Spellcasting   | 3 |  3.5
Short Blades   | |  1.7
Stealth        | |  3.8

Action                   |  1- 3 |  4- 6 || total
-------------------------+-------+-------++-------
Melee: Dagger            |   145 |       ||   145
       Punch             |     2 |       ||     2
       Rapier            |     6 |   100 ||   106
Throw: Javelin           |       |     1 ||     1
 Cast: Ensorcelled Hiber |    15 |    19 ||    34
       Confusing Touch   |       |     2 ||     2
  Use: Scroll            |       |     7 ||     7
       Potion            |       |     1 ||     1
 Stab: Sleeping          |    18 |    22 ||    40
       Distracted        |       |     1 ||     1
       Confused          |       |     1 ||     1
Armor: Robe              |    28 |    23 ||    51
Dodge: Dodged            |   159 |    50 ||   209
Block: Other             |     2 |    15 ||    17

Table legend: (Time is in decaauts)
 A = Elapsed time spent in this place.
 B = Non-inter-level travel time spent in this place.
 C = Inter-level travel time spent in this place.
 D = Time resting spent in this place.
 E = Time spent auto-exploring this place.
 F = Levels seen in this place.
 G = Mean time per level.
                   A        B        C        D        E       F      G
               +--------+--------+--------+--------+--------+-----+--------+
         Total |   4035 |   3909 |    126 |    307 |   2751 |   4 | 1008.8 |
       Dungeon |   4035 |   3909 |    126 |    307 |   2751 |   4 | 1008.8 |
               +--------+--------+--------+--------+--------+-----+--------+

Top non-repeatable levels by time:
     D:1: 1388 daAuts
     D:2: 1128 daAuts
     D:4: 815 daAuts
     D:3: 703 daAuts
